Cogmind - Beta 11.1 @@@ ROGUE MODE // 2022.12.19 @ 16:35:29 Player: ILikeMonsters1890 Result: Destroyed by G-47 Trooper with Particle Gun Performance ------------- Evolutions (0) 0 Regions Visited (1) 200 Robots Destroyed (20) 100 Value Destroyed (336) 336 Prototype IDs (0) 0 Alien Tech Used (0) 0 Bonus (0) 0 TOTAL SCORE: 636 Bonus ------- None Cogmind --------- Core Integrity 0/250 Matter 223/300 Energy 250/250 System Corruption 0% Temperature Cool (9) Movement Core (250) Ox4 Location -10/Materials Parts ------- > --- POWER (1) -------- Ion Engine > --- PROPULSION (2) --- (None) > --- UTILITY (2) ------ Small Storage Unit > --- WEAPON (2) ------- Assault Rifle Light Assault Rifle > --- INVENTORY (8) ---- Light Ion Engine Light Ion Engine Wheel Wheel Heat Sink Small Laser Particle Gun Peak State ------------ > --- POWER ------------ Ion Engine > --- PROPULSION ------- Wheel Wheel > --- UTILITY ---------- Small Storage Unit Seismic Detector > --- WEAPON ----------- Small Laser Particle Gun > --- INVENTORY -------- Light Ion Engine Light Ion Engine Wheel Wheel Medium Laser Small Laser Light Assault Rifle [Rating: 8] Favorites ----------- Power Ion Engine Engine Ion Engine Propulsion Wheel Leg Aluminum Leg Wheel Wheel Utility Small Storage Unit Device Seismic Detector Storage Small Storage Unit Weapon Light Assault Rifle Energy Gun Medium Laser Ballistic Gun Light Assault Rifle Build | -11 -10 ------- Run | Scr Mat Slots Evolved . | . . Power . | . . Propulsion . | . . Utility . | . . Weapon . | . . Parts Attached 18 | 11 7 Power 2 | 1 1 Engine 2 | 1 1 Core . | . . Reactor . | . . Propulsion 10 | 8 2 Treads . | . . Leg . | . . Wheel 10 | 8 2 Hover . | . . Flight . | . . Utility 1 | 1 . Device 1 | 1 . Storage . | . . Processor . | . . Hackware . | . . Protection . | . . Artifact . | . . Weapon 5 | 1 4 Energy Gun 3 | 1 2 Energy Cannon . | . . Ballistic Gun 2 | . 2 Ballistic Cannon . | . . Launcher . | . . Special Weapon . | . . Impact Weapon . | . . Slashing Weapon . | . . Piercing Weapon . | . . Special Melee Weapon . | . . Unidentified Prototypes . | . . Parts Lost 4 | . 4 Power . | . . Propulsion 3 | . 3 Utility 1 | . 1 Weapon . | . . Highest Loss Streak 3 | . 3 To Critical Strikes . | . . Average Slot Usage (%) 97 | . 97 Engine 12 | . 12 Wheel 26 | . 26 Device 14 | . 14 Storage 14 | . 14 Energy Gun 15 | . 15 Ballistic Gun 12 | . 12 Naked Turns . | . . Heaviest Build 15 | 14 15 Greatest Support 32 | 32 20 Greatest Overweight (x) . | . . Average Overweight (x) . | . . Largest Inventory Capacity 8 | 8 8 Average Capacity 8 | 8 8 Most Carried 8 | 7 8 Average Carried 5 | 4 6 Final Capacity 8 | 8 8 Final Carried 7 | 6 7 Class Distribution -------------------- 86% | Mutant 13% | Scavenger-Mutant Dominant Class ---------------- Mutant | -10/Materials Resources | -11 -10 ----------- Run | Scr Mat Matter Collected 413 | 343 70 Remotely . | . . Salvage Created 618 | 279 339 Parts 52 | 32 20 Haulers Intercepted . | . . Recyclers Shooed 1 | 1 . Parts Field Recycled . | . . Retrieved Matter . | . . Parts Self-Destructed . | . . Prevented . | . . Kills | -11 -10 ------- Run | Scr Mat Combat Hostiles Destroyed 7 | . 7 Guns 7 | . 7 Classes Destroyed 4 | 3 1 Worker 3 | 2 1 Tunneler 9 | 9 . Recycler 1 | 1 . Grunt 7 | . 7 Best Kill Streak 4 | 4 2 Combat Bots Only 2 | . 2 Max Kills in Single Turn 1 | 1 1 Gunslinging . | . . Exploded . | . . Melee . | . . Uniques/NPCs Destroyed . | . . Combat | -11 -10 -------- Run | Scr Mat Damage Taken 673 | . 673 Core 261 | . 261 Absorbed by Shields . | . . Regen/Repaired (Parts) 54 | . 54 Core Remaining (%) 100 | 100 . Volleys Fired 77 | 33 44 Largest 2 | 2 2 Hottest 105 | 70 105 Shots Fired 154 | 66 88 Gun 154 | 66 88 Cannon . | . . Launcher . | . . Special . | . . Kinetic 94 | 33 61 Thermal 60 | 33 27 Explosive . | . . Electromagnetic . | . . Robot Hit Streak 12 | 7 12 Robot Miss Streak 3 | 3 2 Penetration Max . | . . Secondary Targets . | . . Shots Hit Robots 94 | 34 60 Core Hits 35 | 14 21 Critical Kills . | . . Critical Parts Destroyed . | . . Critical Strikes 2 | 1 1 Burn 2 | 1 1 Melee Attacks . | . . Impact . | . . Slashing . | . . Piercing . | . . Sneak Attacks . | . . Combat Hostiles . | . . Follow-up Attacks . | . . Damage Inflicted 1006 | 375 631 Guns 1006 | 375 631 Cannons . | . . Explosions . | . . Melee . | . . Ramming . | . . Kinetic 529 | 162 367 Thermal 477 | 213 264 Explosive . | . . Electromagnetic . | . . Impact . | . . Slashing . | . . Piercing . | . . Highest Corruption . | . . Average Corruption . | . . Corruption Purged . | . . Corruption Blocked . | . . Overload Shots . | . . Overflow Damage . | . . Projectiles . | . . Explosions . | . . Melee . | . . Knockbacks . | . . Impact . | . . Kinetic . | . . Secondary . | . . Self-Inflicted Damage . | . . Shots . | . . Rammed . | . . Targets Rammed . | . . Kicked . | . . Crushed . | . . Highest Temperature 269 | 140 269 Average Temperature 61 | 38 80 Received Heat Transfer 408 | . 408 Siege Activations . | . . Robots Corrupted . | . . Combat Hostiles . | . . Parts Fried . | . . Impact Corruptions . | . . Robots Melted . | . . Combat Hostiles . | . . Parts Melted 4 | 3 1 Heat Transferred 1542 | 703 839 Parts Sabotaged . | . . Parts Stolen . | . . Parts Stripped . | . . Power Chain Reactions . | . . Missiles Intercepted . | . . Alert | -11 -10 ------- Run | Scr Mat Peak Influence 244 | 60 244 Initial 39 | . 39 Average 104 | 31 153 Maximum Alert Level 1 | . 1 Low Security (%) 71 | 100 51 Level 1 28 | . 48 Level 2 . | . . Level 3 . | . . Level 4 . | . . Level 5 . | . . High Security . | . . Max Security . | . . Squads Dispatched . | . . Investigation . | . . Extermination . | . . Reinforcement . | . . Assault . | . . Garrison . | . . Intercept . | . . Searches Triggered . | . . Construction Impeded . | . . Haulers Reinforced . | . . Active Scanning Responses . | . . Cargo Convoy Interrupts . | . . Stealth | -11 -10 --------- Run | Scr Mat Distress Signals 1 | . 1 Communications Jammed . | . . Distress Signals . | . . Times Spotted 11 | . 11 Peak Tracking Total 3 | . 3 Tactical Retreats 2 | . 2 Traps | -11 -10 ------- Run | Scr Mat Traps Triggered . | . . Indirectly . | . . Trap Hack Attempts . | . . Triggered . | . . Disarmed . | . . Reprogrammed . | . . Reused . | . . Traps Extracted . | . . Installed . | . . Triggered . | . . Machines | -11 -10 ---------- Run | Scr Mat Machines Disabled . | . . Max in Single Turn . | . . Machines Sabotaged . | . . Garrisons Compromised . | . . Overloaded Fab Kills . | . . Hacking | -11 -10 --------- Run | Scr Mat Machines Accessed 1 | . 1 Terminals . | . . Fabricators . | . . Repair Stations 1 | . 1 Recycling Units . | . . Scanalyzers . | . . Garrison Access . | . . Total Hacks 4 | . 4 Successful 3 | . 3 Failed 1 | . 1 Catastrophic . | . . Database Lockouts . | . . Manual . | . . Terminals . | . . Fabricators . | . . Repair Stations 4 | . 4 Recycling Units . | . . Scanalyzers . | . . Garrison Access . | . . Terminal Hacks . | . . Fabricator Hacks . | . . Repair Station Hacks 3 | . 3 Scan Component 2 | . 2 Repair 1 | . 1 Recycling Unit Hacks . | . . Scanalyzer . | . . Garrison Access Hacks . | . . Unauthorized Hacks . | . . Terminals . | . . Fabricators . | . . Repair Stations . | . . Recycling Units . | . . Scanalyzers . | . . Garrison Access . | . . Data Cores Recovered . | . . Used . | . . Hacking Detections 1 | . 1 Full Trace Events . | . . Feedback Events . | . . Feedback Blocked . | . . Robot Schematics Acquired . | . . Robots Built . | . . Authchips . | . . Time . | . . Total Robot Build Rating . | . . Part Schematics Acquired . | . . Parts Built . | . . Authchips . | . . Time . | . . Total Part Build Rating . | . . Parts Repaired 1 | . 1 Time 36 | . 36 Parts Recycled . | . . Recycled Matter . | . . Retrieved Matter . | . . Retrieved Components . | . . Parts Scanalyzed . | . . Part Schematics Acquired . | . . Parts Damaged . | . . Bothacking | -11 -10 ------------ Run | Scr Mat Used RIF Installer . | . . Robots Hacked . | . . Non-combat . | . . Combat . | . . Robot Hacks Applied . | . . Relay Couplers Released . | . . Fabnet Peak Effective % . | . . Robots Rewired . | . . Allies Hacked . | . . Hacks Repelled . | . . Allies | -11 -10 -------- Run | Scr Mat Total Allies . | . . Largest Group . | . . Highest-Rated Group . | . . Highest-Rated Ally . | . . Total Orders . | . . Ally Attacks . | . . Total Damage . | . . Kills . | . . Allies Corrupted . | . . Allies Melted . | . . Intel | -11 -10 ------- Run | Scr Mat Robot Analysis Total . | . . Derelict Logs Recovered . | . . Drone Launches . | . . Drone Recoveries . | . . Exploration | -11 -10 ------------- Run | Scr Mat Turns Passed 704 | 286 418 Spaces Moved 388 | 172 216 Core . | . . Treads . | . . Legs . | . . Wheels 388 | 172 216 Hover . | . . Flight . | . . Fastest Speed 80 | 80 80 Average Speed 81 | 82 80 Slowest Speed 100 | 100 80 Overloaded Moves . | . . Propulsion Burnouts . | . . Robots Hopped . | . . Cave-ins Triggered . | . . Exploration Rate (%) 15 | 4 26 Regions Visited 1 Branch Regions . Pre-discovered Areas . | . . Known Exits Taken . | . . Unknown Exits Taken 1 | 1 . Scrap Searched . | . . Spaces Dug . | . . Terrain Destroyed . | . . Melee . | . . Projectile . | . . AOE . | . . Terrain Rammed . | . . Walls Destroyed . | . . Machines Disabled . | . . Actions | -11 -10 --------- Run | Scr Mat Total 638 | 255 383 Wait 128 | 25 103 Move 387 | 171 216 Hop . | . . Pick Up 12 | 5 7 Fast Attach 2 | 1 1 Attach 1 | . 1 Detach . | . . Swap 15 | 10 5 Drop 16 | 10 6 Fire 77 | 33 44 Melee . | . . Ram . | . . Kick . | . . Crush . | . . Escape Stasis . | . . Rewire . | . . Trap . | . . Miscellaneous . | . . Route ------- -11/Scrapyard -10/Materials (discovered 1 exit: [*Mat]) History --------- Turn | Location | Event 8 | -11/Scrapyard | Discovered new exit (range 1) 287 | -11/Scrapyard | Entered Materials 319 | -10/Materials | Build established: Mutant 474 | -10/Materials | Core integrity fell below 50% 536 | -10/Materials | Discovered new exit (range 16) 581 | -10/Materials | Repaired Broken Ion Engine 680 | -10/Materials | Core integrity fell below 20% 705 | -10/Materials | Destroyed by G-47 Trooper with Particle Gun Last Messages --------------- Broken Ion Engine Rating: 1 Time: 36 >>Repair Repairing Broken Ion Engine... ETC: 36 00581_ Repair station completes Broken Ion Engine repairs. 00581_ Acquired Ion Engine. 00584_ K-01 Serf destroyed. 00585_ Acquired 10 matter. 00590_ Dropped Wheel. 00607_ Acquired Assault Rifle. 00608_ Dropped Lgt. Assault Rifle. 00619_ Acquired Lgt. Assault Rifle. 00623_ Dropped Sml. Laser. 00638_ W-16 Scout sends out distress signal. 00672_ Wheel destroyed. 00676_ G-34 Mercenary destroyed. 00691_ Wheel destroyed. 00701_ Seismic Detector destroyed. Map ----- +----------------------------------------------------+ | ??# +????????# #?????????????????????????????? | | ??+ #????????# #?????????????????????????????? | | ??# #????????# #?????????????????????????????? | | ??# #????????# #?????????????????????????????? | | ??# #????????# #?????????????????????????????? | | ??# ########## #?????????????????????????????? | | ??# # # #?????????????????????????????? | | ??# # # #?????????????????????????????? | | ### # # #?????????????????????????????? | | + # #?????????????????????????????? | | # / ##########????????????????????? | | # # # #????????????????????? | | ####### # #""" #????????????????????? | | #####?# # #""" #????????????????????? | | #?# # #""" #????????????????????? | | #?########## / #????????????????????? | | #??????????# # """ #????????????????????? | | #??????????# # R" #????????????????????? | | "" #??????????# # = """ #????????????????????? | | """ #??????????# # %= #????????????????????? | | """ #??????????# ###+#########?????????????????? | | """ #??????????# #?# ## #?????????????????? | | "" #??????????# ### ## """ #?????????????????? | | #####??????????# #!""" #?????????????????? | | ???????????????+ %g=""" #?????????????????? | | ???????????????# #@""" #?????????????????? | | ???????????????# < ###### """ #?????????????????? | | ???????????????# #????# #?????????????????? | | ???????????????#####????# """ #?????????????????? | | ????????????????????????# """ #?????????????????? | | ????????????????????????# """ #?????????????????? | | ????????????????????????# """ #?????????????????? | | ????????????????????????# """ [#?????????????????? | | ????????????????????????# #?????????????????? | | ????????????????????????########?????????????????? | | ?????????????????????????????????????????????????? | | ?????????????????????????????????????????????????? | | | | | | | | | | | | | | | | | | | | | | | | | | | +----------------------------------------------------+ Best States ------------- Heat Dissipation 25 Energy Generation 10 Energy Capacity 250 Matter Stores 300 Matter Capacity 300 Sight Range 16 Terrain Scan Density 10 Evasion (%) 44 Item Schematics ----------------- None Robot Schematics ------------------ None Fabricated ------------ Nothing Alien Tech Used ----------------- None Achievements -------------- None Challenges ------------ None Game ------ Seed DeepElectronStripper Manual? 0 Play Time 00:09:57 Cumulative 113.0 hours Start 2022.12.19 @ 16:28:35 End 2022.12.19 @ 16:35:29 Sessions 1 Manual Loads 0 Difficulty Rogue Special Mode None Game No. 110 Rogue 110 Adventurer 0 Explorer 0 Win Type - Total 2 Types 0/0/1/1/0/0/0/0/0 Lore% 68 Gallery% 55 Achievement% 50 Wizard Run 0 Options --------- ASCII 0 Keyboard 0 Movement Numpad Keybinds 0 Fullscreen 2 Font 18/SmallcapsGlow Map View 76x50 Tactical HUD 1 Map Filters NONE Filters NONE Steam 1 RUN: 72469cac-aaf8-4fef-b54e-1a98cbbfc347